 Dungeon Crawl Stone Soup version 0.30-a0-358-g0d69a1922f (webtiles) character file.

Game seed: 17707284025904417041

14 oldmanjim the Vexing (level 2, 0/21 HPs)
             Began as a Formicid Hexslinger on Nov 9, 2022.
             Slain by an adder (2 damage)
             ... on level 2 of the Dungeon.
             The game lasted 00:02:09 (452 turns).

oldmanjim the Vexing (Formicid Hexslinger)           Turns: 452, Time: 00:02:09

Health: 0/21       AC:  2    Str: 14    XL:     2   Next: 60%
Magic:  3/4        EV: 12    Int: 12    God:
Gold:   11         SH:  0    Dex: 14    Spells: 3/4 levels left

rFire   . . .      SeeInvis +    b - +0 quarterstaff
rCold   . . .      Faith    .    (no shield)
rNeg    . . .      Spirit   .    c - +0 robe
rPois   .          Reflect  .    (helmet unavailable)
rElec   .          Harm     .    (no cloak)
rCorr   .          Rampage  .    (no gloves)
Will    .....                    (no boots)
Stlth   +.........               (no amulet)
HPRegen 0.23/turn                (no ring)
MPRegen 0.09/turn                (no ring)

@: lethally poisoned (0 -> -3)
A: permanent stasis, dig shafts and tunnels, antennae 3, four strong arms
a: Dig, Shaft Self


You were on level 2 of the Dungeon.
You visited 1 branch of the dungeon, and saw 2 of its levels.

You collected 11 gold pieces.

Inventory:

Hand Weapons
 a - a +1 sling
 b - a +0 quarterstaff (weapon)
Missiles
 h - 3 stones
Armour
 c - a +0 robe (worn)
Jewellery
 i - a ring of fire
Scrolls
 d - a scroll of enchant weapon {unknown}
 f - a scroll of teleportation {unknown}
 g - 2 scrolls of poison
Potions
 e - a potion of flight {unknown}


   Skills:
 + Level 1.5 Fighting
 + Level 2.2 Ranged Weapons
 - Level 1.7 Dodging
 + Level 1.5 Spellcasting
 + Level 3.9 Hexes


You had 3 spell levels left.
You knew the following spells:

 Your Spells              Type           Power      Damage    Failure   Level
a - Slow                  Hex            40%        N/A       6%          1

Your spell library contained the following spells:

 Spells                   Type           Power      Damage    Failure   Level
 Inner Flame              Hex/Fire       5%         N/A       36%         3
 Portal Projectile        Hex/Tloc       10%        N/A       36%         3
 Cause Fear               Hex            5%         N/A       50%         4


Dungeon Overview and Level Annotations

Branches:
Dungeon (2/15)

Altars:


Innate Abilities, Weirdness & Mutations

You cannot be hasted, slowed, berserked, paralysed or teleported.
You can dig through walls and to a lower floor.
You have a pair of large antennae on your head. (SInv)
Your four strong arms can wield two-handed weapons with a shield.


Message History

Aim: an adder (moderately wounded, chance to affect: 52%)
The adder seems to slow down.
You shoot a sling bullet.
The sling bullet barely misses the adder.
The adder bites you but does no damage.
You shoot a sling bullet.
The sling bullet closely misses the adder.
The adder bites you.
You are poisoned.
The adder poisons you!
You shoot a sling bullet. The sling bullet hits the adder.
The adder is heavily wounded.
You feel very sick. The adder closely misses you.
You shoot a sling bullet. The sling bullet misses the adder.
You feel sick. The adder closely misses you.
Your magical contamination has completely faded away.
You shoot a sling bullet.
The sling bullet barely misses the adder.
You feel sick.
The adder is no longer moving slowly.
The adder bites you.
You are more poisoned.
The adder poisons you!
b - a +0 quarterstaff (weapon)
You feel sick. The adder bites you.
You are too injured to fight recklessly!
Unknown command.
You hit the adder.
The adder is severely wounded.
* * * LOW HITPOINT WARNING * * *
You feel very sick. The adder barely misses you. x2
You hit the adder but do no damage.
The adder is severely wounded.
* * * LOW HITPOINT WARNING * * *
You feel sick. The adder barely misses you.
You miss the adder.
The adder is severely wounded.
* * * LOW HITPOINT WARNING * * *
You feel sick. The adder bites you.
You die...

......# # .# #####.#
.######)
#.########.......
#.........###... ###
#..............
..###.........###.#
...##....)......#.#
....#.........#.#S#####.
................@.......>
...##.#####.#.........#..
...##.# #.#########.#
...##. #.. .. ...... ####
.. ...##. . ...# ...#
...#


You could see an adder.

Vanquished Creatures
  A giant cockroach (D:1)
  3 goblins
  4 jackals (D:1)
  2 kobolds
  A quokka (D:1)
11 creatures vanquished.

Notes
Turn   | Place    | Note
-------+----------+-------------------------------------------
     0 | D:1      | oldmanjim the Formicid Hexslinger began the quest for the
                  | Orb.
     0 | D:1      | Reached XP level 1. HP: 15/15 MP: 2/2
   296 | D:1      | Reached XP level 2. HP: 18/21 MP: 2/4
   364 | D:1      | You fall into a shaft and drop 1 floor!
   452 | D:2      | Slain by an adder

Illustrated notes

Levels and vault maps discovered:
D:1:      dpeg_arrival_shelter, layout_loops_ring, chequers_serial_rivers_marsh
D:2:      layout_basic

Action                   || total
-------------------------++-------
Melee: Quarterstaff      ||     3
 Fire: Sling             ||    29
 Cast: Slow              ||     3
Armor: Robe              ||     4
Dodge: Dodged            ||     8

Table legend: (Time is in decaauts)
 A = Elapsed time spent in this place.
 B = Non-inter-level travel time spent in this place.
 C = Inter-level travel time spent in this place.
 D = Time resting spent in this place.
 E = Time spent auto-exploring this place.
 F = Levels seen in this place.
 G = Mean time per level.
                   A        B        C        D        E       F      G
               +--------+--------+--------+--------+--------+-----+--------+
         Total |    462 |    462 |      0 |      0 |    375 |   2 |  231.0 |
       Dungeon |    462 |    462 |      0 |      0 |    375 |   2 |  231.0 |
               +--------+--------+--------+--------+--------+-----+--------+

Top non-repeatable levels by time:
     D:1: 370 daAuts
     D:2: 91 daAuts
